 Dungeon Crawl Stone Soup version 0.29.0-5-ge4962eb29e (webtiles) character file.

Game seed: 10623796894820475864

14 SnakkuSnakku7 the Poker (level 2, -1/17 HPs)
             Began as a Tengu Warper on Aug 28, 2022.
             Slain by a goblin
             ... wielding a +0 club
              (2 damage)
             ... on level 1 of the Dungeon.
             The game lasted 00:00:23 (265 turns).

SnakkuSnakku7 the Poker (Tengu Warper)               Turns: 265, Time: 00:00:23

Health: -1/17      AC:  3    Str: 11    XL:     2   Next: 45%
Magic:  6/6        EV: 11    Int: 13    God:
Gold:   26         SH:  0    Dex: 13    Spells: 5/5 levels left

rFire   . . .      SeeInvis .   a - +0 spear
rCold   . . .      Faith    .   (no shield)
rNeg    . . .      Spirit   .   b - +0 leather armour
rPois   .          Reflect  .   (helmet restricted)
rElec   .          Harm     .   (no cloak)
rCorr   .          Rampage  .   (no gloves)
Will    .....                   (boots unavailable)
Stlth   +.........              (no amulet)
HPRegen 0.05/turn               (no ring)
MPRegen 0.10/turn               (no ring)

@: no status effects
A: beak, talons 3
a: no special abilities


You were on level 1 of the Dungeon.
You visited 1 branch of the dungeon, and saw 1 of its levels.

You collected 26 gold pieces.

Inventory:

Hand Weapons
 a - a +0 spear (weapon)
Missiles
 d - 7 boomerangs of dispersal (quivered)
Armour
 b - a +0 leather armour (worn)
Scrolls
 c - a scroll of blinking
 f - a scroll of teleportation {unknown}
 g - a scroll of immolation {unknown}
 h - a scroll of identify {unknown}
Potions
 e - 2 potions of curing {unknown}


   Skills:
 - Level 2.0 Fighting
 + Level 3.3 Polearms
 - Level 1.0 Throwing
 - Level 1.1 Armour
 - Level 2.1 Dodging
 - Level 2.0 Spellcasting
 - Level 2.4 Translocations


You had 5 spell levels left.
You didn't know any spells.
Your spell library contained the following spells:

 Spells                   Type           Power      Damage    Failure   Level
 Blink                    Tloc           14%        N/A       19%         2
 Gell's Gravitas          Tloc           7%         N/A       36%         3
 Lesser Beckoning         Tloc           7%         N/A       36%         3
 Teleport Other           Tloc           7%         N/A       36%         3
 Manifold Assault         Tloc           7%         N/A       98%         5


Dungeon Overview and Level Annotations

Branches:
Dungeon (1/15)

Altars:


Innate Abilities, Weirdness & Mutations

You have a beak for a mouth.
You have claws for feet.


Message History

f - a scroll labelled KAUSHOEDAY
g - a scroll labelled LUBIAD ZEILIPLEZU
e - 2 silvery potions (gained 1);
h - a scroll labelled DEGEEN YXKUAD You now have 12 gold pieces (gained 7).
You now have 21 gold pieces (gained 9).
You see here a +0 leather armour.
There is a stone staircase leading down here.
You see here a +0 club.
You now have 26 gold pieces (gained 5).
A hobgoblin comes into view.
Found a green potion.
A hobgoblin is nearby!
A goblin comes into view. It is wielding a +0 club.
The goblin hits you with a +0 club.
You closely miss the goblin. Your peck misses the goblin.
The hobgoblin shouts!
The goblin hits you but does no damage.
You hit the hobgoblin.
The hobgoblin is severely wounded.
The hobgoblin misses you. The goblin hits you but does no damage.
You hit the hobgoblin.
You peck the hobgoblin, but do no damage.
The hobgoblin is almost dead.
The goblin hits you with a +0 club. The hobgoblin closely misses you.
You hit the hobgoblin.
You kill the hobgoblin!
The goblin misses you.
You closely miss the goblin. Your kick misses the goblin.
You peck the goblin, but do no damage. The goblin hits you with a +0 club.
You are too injured to fight recklessly!
You are too injured to fight recklessly!
You closely miss the goblin. Your kick misses the goblin.
The goblin hits you with a +0 club.
* * * LOW HITPOINT WARNING * * *
You hit the goblin but do no damage. Your kick misses the goblin.
The goblin hits you with a +0 club.
* * * LOW HITPOINT WARNING * * *
You closely miss the goblin. Your kick misses the goblin.
You peck the goblin, but do no damage. The goblin hits you with a +0 club.
You die...

#. #.##Z#.#Z# #..
##.####.###
#..####....##...##
#....#..#...+.>.'†
#.##.#.##..##...##
###.#........######.
#..............#Z#..
##....###....#.####..
#...@g.##......#.....
#.#.!#.##....#.).....
..$...#+##..###....>..
.#####.# #+#....##.#..
..# #.##.##.#.. ..# #
#.##.#.. ...# #.##.#..
#..# #+####)##.#..
#.........#..


You could see a goblin.

Vanquished Creatures
  A dart slug (D:1)
  A ball python (D:1)
  A goblin (D:1)
  A hobgoblin (D:1)
  3 jackals (D:1)
  A quokka (D:1)
  A bat (D:1)
  A rat (D:1)
10 creatures vanquished.

Vanquished Creatures (others)
  A kobold (D:1)
1 creature vanquished.

Grand Total: 11 creatures vanquished

Notes
Turn   | Place    | Note
-------+----------+-------------------------------------------
     0 | D:1      | SnakkuSnakku7 the Tengu Warper began the quest for the Orb.
     0 | D:1      | Reached XP level 1. HP: 12/12 MP: 4/4
   167 | D:1      | Reached skill level 3 in Polearms
   167 | D:1      | Reached XP level 2. HP: 17/17 MP: 6/6
   265 | D:1      | Slain by a goblin

Illustrated notes

Levels and vault maps discovered:
D:1:      shiori_arrival_whats_in_store_for_you, layout_rooms,
          kennysheep_nondescript

Skill      XL: |  1 |
---------------+----+-----
Polearms       | 3 |  3.3
Fighting       | |  2.0
Throwing       | |  1.0
Armour         | |  1.1
Dodging        | |  2.1
Spellcasting   | |  2.0
Translocations | |  2.4

Action                   || total
-------------------------++-------
Melee: Spear             ||    29
       Kick              ||     5
       Peck              ||     7
Armor: Leather armour    ||     9
Dodge: Dodged            ||    11
